 Dungeon Crawl Stone Soup version 0.24-a0-762-gca426f5 (webtiles) character file.

Game seed: 6254092367693676244, levelgen mode: deterministic

191 MrTaco21 the Shield-Bearer (level 6, 0/48 HPs)
             Began as a Formicid Fighter on Oct 3, 2019.
             Slain by an adder (1 damage)
             ... on level 4 of the Dungeon.
             The game lasted 00:09:10 (2383 turns).

MrTaco21 the Shield-Bearer (Formicid Fighter)       Turns: 2383, Time: 00:09:10

Health: 0/48       AC:  7    Str: 28    XL:     6   Next: 2%
Magic:  6/6        EV:  8    Int:  7    God:
Gold:   153        SH: 10    Dex: 10    Spells: 5/5 levels left

rFire    . . .     SeeInvis +   a - +0 trident
rCold    . . .     Gourm    .   c - +0 shield
rNeg     . . .     Faith    .   b - +0 scale mail
rPois    +         Spirit   .   (helmet unavailable)
rElec    .         Reflect  .   (no cloak)
rCorr    .         Harm     .   (no gloves)
MR       .....                  (no boots)
Stlth    ..........             q - amulet of rage
HPRegen  0.16/turn              l - ring of poison resistance
MPRegen  0.10/turn              (no ring)

@: mighty
A: permanent stasis, dig shafts and tunnels, four strong arms, antennae 3
a: Dig, Shaft Self


You were on level 4 of the Dungeon.
You were very hungry.

You visited 1 branch of the dungeon, and saw 4 of its levels.

You collected 153 gold pieces.

Inventory:

Hand Weapons
 a - a +0 trident (weapon)
Missiles
 k - 67 stones (quivered)
Armour
 b - a +0 scale mail (worn)
 c - a +0 shield (worn)
Jewellery
 i - a +3 ring of protection {unknown}
 l - a ring of poison resistance (left hand)
 q - an amulet of rage (around neck)
Wands
 p - a wand of random effects (14)
 t - a wand of flame (26)
Scrolls
 e - 3 scrolls of teleportation
 h - 3 scrolls of magic mapping {unknown}
 j - a scroll of noise {unknown}
 n - a scroll of identify
 o - 2 scrolls of remove curse {unknown}
Potions
 g - a potion of haste {unknown}
 m - a potion of flight {unknown}
 s - a potion of heal wounds {unknown}
Comestibles
 f - 8 rations


   Skills:
 + Level 4.3 Fighting
 + Level 3.2 Polearms
 + Level 4.3 Armour
 + Level 5.0 Shields


You had 5 spell levels left.
You didn't know any spells.
Your spell library was empty.

Dungeon Overview and Level Annotations

Branches:
Dungeon (4/15)
 Temple: D:4-7

Altars:
Uskayaw


Innate Abilities, Weirdness & Mutations

You cannot be hasted, slowed, berserked, paralysed or teleported.
You can dig through walls and to a lower floor.
Your four strong arms can wield two-handed weapons with a shield.
You have a pair of large antennae on your head. (SInv)


Message History

You kill the worker ant!
You have reached level 6!
Your experience leads to an increase in your attributes!
Your base attributes are Str 22, Int 7, Dex 10.
Increase (S)trength, (I)ntelligence, or (D)exterity?
You feel stronger. You block the adder's attack.
The adder skeleton bites you but does no damage.
You block the adder's attack.
Your shield and scale mail prevent you from hitting the adder.
The adder skeleton bites you but does no damage.
You block the adder's attack. The adder skeleton barely misses you.
You barely miss the adder.
You feel sick.
You are no longer poisoned.
You block the adder's attack. The adder skeleton barely misses you.
You block the adder's attack.
You miss the adder. You block the adder's attack. The adder skeleton bites you.
* * * LOW HITPOINT WARNING * * *
You closely miss the adder. The adder bites you.
You die...

############
#..........#
#...@......#
#..ZS......#
#..........#
#..........####
#..............
#.>......).....
#..............
########.......
.......


You could see an adder and an adder skeleton.

Vanquished Creatures
  2 worker ants (D:4)
  2 gnolls (D:4)
  3 adders (D:3)
  2 oozes
  A worm (D:3)
  7 dart slugs
  A leopard gecko (D:4)
  A ball python (D:3)
  8 bats
  4 giant cockroaches
  13 hobgoblins
  A jackal (D:3)
  2 quokkas
  3 frilled lizards
  9 goblins
  7 kobolds
  3 rats (D:3)
69 creatures vanquished.

Notes
Turn   | Place    | Note
-------+----------+-------------------------------------------
     0 | D:1      | MrTaco21 the Formicid Fighter began the quest for the Orb.
     0 | D:1      | Reached XP level 1. HP: 18/18 MP: 1/1
   138 | D:1      | Reached skill level 4 in Shields
   138 | D:1      | Reached XP level 2. HP: 24/24 MP: 2/2
   260 | D:1      | Reached XP level 3. HP: 29/29 MP: 3/3
   810 | D:2      | Found a hide-covered altar of Uskayaw.
  1012 | D:2      | Reached XP level 4. HP: 35/37 MP: 4/4
  1116 | D:2      | You fall into a shaft and drop 1 floor!
  1679 | D:3      | Reached XP level 5. HP: 27/42 MP: 5/5
  2109 | D:4      | Reached skill level 5 in Shields
  2379 | D:4      | Reached XP level 6. HP: 4/48 MP: 6/6
  2382 | D:4      | HP: 1/48 [adder skeleton (3)]
  2383 | D:4      | Slain by an adder

Levels and vault maps discovered:
D:1:      psy_arrival_conway, layout_basic, minmay_misc_feat_plants,
          st_stairs_8, bh_walls_and_bars
D:2:      layout_loops_ring, eat_drink_and_be_merry_uskayaw, marbit_many_paths,
          zin_angel, first_ration
D:3:      minmay_diamond_boxcup, layout_loops_ring, minmay_misc_feat_square
D:4:      layout_rooms, nicolae_overflow_hidden_temple,
          minmay_temple_entry_fiery, moated_statue, uniq_eustachio

Skill      XL: |  1  2  3  4  5 |
---------------+----------------+-----
Shields        | 4 5 |  5.0
Armour         | 4 |  4.3
Fighting       | 4 |  4.3
Polearms       | 3 |  3.2

Action                   |  1- 3 |  4- 6 || total
-------------------------+-------+-------++-------
Melee: Trident           |   102 |   159 ||   261
  Use: Scroll            |       |     3 ||     3
       Potion            |       |     1 ||     1
  Eat: Chunk             |       |     4 ||     4
Armor: Scale mail        |    33 |    65 ||    98
Dodge: Dodged            |    34 |    55 ||    89
Block: Shield            |    58 |    82 ||   140

Table legend:
 A = Non-vault XP
 B = Vault XP
 C = Vault XP percentage of total XP
 D = Non-vault monster count
 E = Vault monster count
 F = Vault count percentage of total count
                 A         B        C        D         E       F
            +---------+---------+-------+---------+---------+-------
      Total |     245 |      29 |  10.6 |      58 |      11 |  15.9
            +---------+---------+-------+---------+---------+-------
        D:1 |      43 |       3 |   6.5 |      18 |       2 |  10.0
        D:2 |      23 |       0 |   0.0 |      13 |       0 |   0.0
        D:3 |      73 |      26 |  26.3 |      20 |       9 |  31.0
        D:4 |     106 |       0 |   0.0 |       7 |       0 |   0.0
            +---------+---------+-------+---------+---------+-------
